 Dungeon Crawl Stone Soup version 0.19-b1-3-g7dea586 (webtiles) character file.

24303 Inkary the Fighter (level 13, -24/84 HPs)
             Began as a Gargoyle Fighter on Oct 28, 2016.
             Was a Priest of Uskayaw.
             Killed from afar by Frances (47 damage)
             ... with a shard of ice
             ... on level 13 of the Dungeon on Oct 29, 2016.
             The game lasted 01:05:10 (13700 turns).

Inkary the Fighter (Gargoyle Fighter)              Turns: 13700, Time: 01:05:11

Health: -24/84     AC: 25    Str: 33      XL:     13   Next: 12%
Magic:  20/20      EV:  9    Int: 14      God:    Uskayaw [***...]
Gold:   806        SH: 13    Dex:  8 (9)  Spells: 2 memorised, 8 levels left

rFire  . . .     SeeInvis .     u - +1 mace (freeze)
rCold  . . .     Gourm    .     E - +1 ring mail {MR+}
rNeg   + . .     Faith    .     c - +0 shield
rPois  ∞         Spirit   .     m - +0 helmet
rElec  +         Reflect  .     p - +2 cloak
rCorr  .         Harm     .     (no gloves)
MR     ++++.                    g - +1 pair of boots
Stlth  ..........               Q - amulet of magic regeneration
                                B - +4 ring of protection
                                G - ring "Guuwkor" {*Corrode MR+++ Str+2 Int+4}

@: mighty, corroded
A: negative energy resistance 1, electricity resistance, strong 1, unbreathing,
petrification resistance, rot immunity, AC +9
a: Stomp, Line Pass, Renounce Religion


You were on level 13 of the Dungeon.
You worshipped Uskayaw.
Uskayaw was aware of your devotion.
You were hungry.

You visited 2 branches of the dungeon, and saw 14 of its levels.
You also visited: Sewer.

You collected 890 gold pieces.
You spent 84 gold pieces at shops.

Inventory:

Hand Weapons
 u - a +1 mace of freezing (weapon)
 C - a +2 flail of holy wrath
 R - a +2 flail of protection
Missiles
 D - 2 throwing nets (quivered)
Armour
 b - +0 mottled dragon scales
 c - a +0 shield (worn)
 g - a +1 pair of boots (worn)
 m - a +0 helmet (worn)
 p - a +2 cloak (worn)
 E - a +1 ring mail of magic resistance (worn)
Jewellery
 B - a +4 ring of protection (right hand)
 G - the ring "Guuwkor" (left hand) {*Corrode MR+++ Str+2 Int+4}
   (You found it on level 7 of the Dungeon)

   [ring of intelligence]

   It affects your strength (+2).
   It affects your intelligence (+4).
   It affects your resistance to hostile enchantments.
   It may corrode you when you take damage.
 M - an uncursed ring of see invisible
 Q - an amulet of magic regeneration (around neck)
Wands
 H - a wand of digging (5/24)
 N - a wand of digging (20/24)
 O - a wand of lightning (9/15)
Scrolls
 a - 2 scrolls of enchant weapon
 e - 2 scrolls of teleportation
 j - 10 scrolls of remove curse
 k - 2 scrolls of magic mapping
 l - a scroll of blinking
 n - a scroll of recharging
 r - a scroll of enchant armour
 y - 2 scrolls of fear
Potions
 d - 2 potions of mutation {unknown}
 h - a potion of berserk rage
 w - 2 potions of cure mutation
 z - 2 potions of curing
 A - a potion of magic
 I - a potion of agility
 L - a potion of lignification
Comestibles
 f - 8 bread rations
 o - 4 meat rations
 q - 6 slices of pizza


   Skills:
 + Level 11.2 Fighting
 - Level 11.0 Maces & Flails
 - Level 4.0 Throwing
 + Level 11.1 Armour
 + Level 10.1 Shields
 + Level 9.4 Invocations


You had 8 spell levels left.
You knew the following spells:

 Your Spells              Type           Power        Failure   Level  Hunger
a - Regeneration          Chrm/Necr      #.........   99%         3    ####...
b - Corona                Hex            #......      73%         1    ##.....


Dungeon Overview and Level Annotations

Branches:
Dungeon (13/15)            Temple (1/1) D:5            Lair (0/6) D:11
    Orc (0/2) D:11
 Vaults: D:13-14

Altars:
Ashenzari
Cheibriados
Dithmenos
Elyvilon
Fedhas
Gozag
Hepliaklqana
Kikubaaqudgha
Makhleb
Nemelex Xobeh
Okawaru
Qazlal
Ru
Sif Muna
Trog
Uskayaw
Vehumet
Xom
Yredelemnul
Zin
The Shining One

Shops:
D:5 *   D:6 (   D:11 *

Annotations:
D:13 Frances, Sonja


Innate Abilities, Weirdness & Mutations

You are resistant to torment.
Your stone body is resilient. (AC +9)
You are immune to poison.
You resist negative energy. (rN+)
You are resistant to electric shocks. (rElec)
You can survive without breathing.
You are immune to petrification.
You are immune to rotting.
Your muscles are strong. (Str +2)


Message History

You see here a sky beast corpse.
You butcher the sky beast corpse.
Frances whispers indecipherable words.
The shard of ice hits you! You partially resist.
* * * LOW HITPOINT WARNING * * *
You see here 4 mutagenic chunks of flesh.
You feel better.
Frances mutters in a terrible tongue.
It has a very clean taste.
You feel clumsy.
You feel healthier.
You feel robust.
Your vision sharpens.
You no longer feel cold resistant.
You feel more encumbered by your armour.
Your body's shape seems more normal.
Frances whispers indecipherable words.
Sonja mumbles some strange words.
Sonja blinks!
You feel very mighty all of a sudden.
Frances whispers indecipherable words.
The shard of ice hits you!
Ouch! That really hurt!
You die...

#.....'...##.......#
#.....######.......######
#.....# #............#
#.....# #............#
#.....# ######.......#
#.....##### ######....#
#####.##.#.# #.# #....#
#.#.#(#.#.# #....#
#.##.#.#@# #....#
#.#.#.#.#@# ######
#.##.#.#.#.#
#.#.#.#.#.#§#
#.##.#.#.#.#.#
#.#.#.#.#.#.#.#
#..############ ####


You could see Frances.

Vanquished Creatures
  Azrael (D:13)
  Erolcha (D:10)
  A centaur warrior (D:13)
  Erica (D:10)
  A death knight (D:10)
  A death yak (D:10)
  2 unseen horrors
  4 hill giants
  4 ugly things
  A manticore (D:13)
  An elephant (D:10)
  A cyclops (D:11)
  The ghost of Cokeysmoke the Ruffian, a novice GrMo of Ru (D:5)
  Prince Ribbit (D:9)
  Grinder (D:3)
  A hornet (D:7)
  3 two-headed ogres
  4 hippogriffs
  A wraith (D:11)
  2 wyverns
  2 fire elementals
  4 hogs (D:7)
  A human (D:7)
  8 yaks
  Grum (D:10)
  2 hungry ghosts
  2 mottled dragons (D:12)
  4 hell hounds
  5 ice beasts
  Duvessa (D:4)
  2 eyes of draining
  5 sky beasts
  2 necrophages
  10 orc warriors
  5 ogres
  4 wolves (D:10)
  A phantom (D:10)
  3 centaurs
  5 big kobolds
  8 bullfrogs
  Dowan (D:4)
  A wyvern skeleton (D:10)
  A water moccasin skeleton (D:9)
  3 scorpions
  24 killer bees
  9 wights
  2 howler monkeys
  2 crimson imps
  6 hounds
  Crazy Yiuf (D:7)
  3 quasits
  A bullfrog skeleton (D:4)
  3 centaur skeletons
  3 jellies
  13 orc priests
  4 iguanas
  Jessica (D:3)
  19 orc wizards
  11 worker ants
  2 hound zombies
  A mummy (D:6)
  A hound skeleton (D:10)
  8 adders
  14 gnolls
  3 river rats (Sewer)
  3 shadow imps
  An ooze (D:1)
  An adder skeleton (D:7)
  2 worms
  2 dart slugs
  2 leopard geckos
  66 orcs
  7 bats
  6 giant cockroaches
  8 goblins
  2 hobgoblins
  36 jackals
  12 quokkas
  2 ball pythons
  10 frilled lizards
  A hobgoblin zombie (D:6)
  A jackal skeleton (D:7)
  21 kobolds
  2 kobold zombies (D:6)
  A leopard gecko zombie (D:8)
  An orc zombie (D:6)
  A quokka skeleton (D:4)
  A quokka zombie (D:6)
  9 rats
  A fungus (D:7)
444 creatures vanquished.

Notes
Turn   | Place    | Note
-------+----------+-------------------------------------------
     0 | D:1      | Inkary the Gargoyle Fighter began the quest for the Orb.
     0 | D:1      | Reached XP level 1. HP: 14/14 MP: 1/1
    58 | D:1      | Reached XP level 2. HP: 13/19 MP: 2/2
   207 | D:1      | Reached XP level 3. HP: 21/23 MP: 3/3
   842 | D:2      | Reached XP level 4. HP: 25/28 MP: 4/4
  1285 | D:3      | Found a glowing silver altar of Zin.
  1285 | D:3      | Noticed Grinder
  1301 | D:3      | Noticed an ogre
  1306 | D:3      | Reached skill level 5 in Maces & Flails
  1308 | D:3      | Killed an ogre
  1308 | D:3      | Reached XP level 5. HP: 26/32 MP: 5/5
  1312 | D:3      | Killed Grinder
  1312 | D:3      | Reached XP level 6. HP: 31/37 MP: 6/6
  1326 | D:3      | Found a burning altar of Makhleb.
  1329 | D:3      | Noticed an angel
  1329 | D:3      | Noticed a green death
  1470 | D:3      | Noticed Jessica
  1482 | D:3      | Killed Jessica
  1482 | D:3      | Reached XP level 7. HP: 30/41 MP: 7/7
  1704 | D:4      | Found a white marble altar of Elyvilon.
  1737 | D:4      | Noticed Duvessa
  1741 | D:4      | Noticed Dowan
  1759 | D:4      | Killed Duvessa
  1764 | D:4      | Killed Dowan
  1914 | D:4      | Found a glowing drain.
  1924 | Sewer    | Entered a sewer
  2024 | Sewer    | Reached XP level 8. HP: 46/46 MP: 8/8
  2053 | Sewer    | Found a white marble altar of Elyvilon.
  2824 | D:5      | Entered Level 5 of the Dungeon
  2998 | D:5      | Reached skill level 10 in Maces & Flails
  2998 | D:5      | Reached skill level 5 in Armour
  3003 | D:5      | Gained mutation: Armour fits poorly on your strangely shaped body. [mutagenic meat]
  3004 | D:5      | Gained mutation: You are agile. (Dex +2) [mutagenic meat]
  3193 | D:5      | Noticed Cokeysmoke's ghost (novice GrMo)
  3217 | D:5      | Killed Cokeysmoke's ghost
  3217 | D:5      | Reached skill level 5 in Fighting
  3217 | D:5      | Reached XP level 9. HP: 40/54 MP: 9/9
  3416 | D:5      | Found a staircase to the Ecumenical Temple.
  3417 | D:5      | Found a white marble altar of Elyvilon.
  3418 | D:5      | Found an ancient bone altar of Kikubaaqudgha.
  3422 | Temple   | Entered the Ecumenical Temple
  3512 | Temple   | Became a worshipper of Uskayaw the Reveler
  3612 | D:5      | Reached * piety under Uskayaw
  3621 | D:5      | Reached ** piety under Uskayaw
  3683 | D:5      | Found Hirej's Assorted Antiques.
  4089 | D:5      | Bought a potion of curing for 63 gold pieces
  4089 | D:5      | Bought a scroll labeled EBUTHR LECA for 21 gold pieces
  4275 | D:6      | Reached *** piety under Uskayaw
  4291 | D:6      | Found Oqeitz's Antique Weapon Emporium.
  4927 | D:6      | Reached skill level 1 in Invocations
  5104 | D:6      | Reached **** piety under Uskayaw
  5468 | D:7      | Reached XP level 10. HP: 44/61 MP: 11/11
  5498 | D:7      | Reached ***** piety under Uskayaw
  5786 | D:7      | Reached skill level 5 in Shields
  5942 | D:7      | Got a pitted golden ring
  6622 | D:7      | Found a runed door.
  6626 | D:7      | Noticed Crazy Yiuf
  6631 | D:7      | Killed Crazy Yiuf
  6661 | D:7      | Identified the ring "Guuwkor" {*Corrode MR+++ Str+2 Int+4} (You found it on level 7 of the Dungeon)
  7136 | D:8      | Learned a level 3 spell: Regeneration
  7321 | D:8      | Reached skill level 5 in Invocations
  7565 | D:9      | Learned a level 1 spell: Corona
  7594 | D:9      | Reached XP level 11. HP: 34/68 MP: 11/15
  7873 | D:9      | Noticed Prince Ribbit
  8423 | D:9      | Killed Prince Ribbit
  8532 | D:9      | Found a shattered altar of Ashenzari.
  8595 | D:10     | Entered Level 10 of the Dungeon
  8604 | D:10     | Noticed Erica
  8612 | D:10     | Killed Erica
  8612 | D:10     | Reached skill level 1 in Throwing
  8656 | D:10     | Noticed a hill giant
  8663 | D:10     | Killed a hill giant
  8856 | D:10     | Noticed Erolcha
  8874 | D:10     | Killed Erolcha
  9269 | D:11     | Noticed a purple ugly thing
  9284 | D:11     | Killed a purple ugly thing
  9515 | D:10     | Upgraded the game from 0.19-b1-1-g9a3527e to 0.19-b1-3-g7dea586
  9538 | D:11     | Noticed an unseen horror
  9549 | D:11     | Noticed Grum
  9765 | D:10     | Killed Grum
  9887 | D:11     | Killed an unseen horror
  9896 | D:11     | Noticed a purple ugly thing
  9915 | D:11     | Killed a purple ugly thing
  9938 | D:11     | Reached XP level 12. HP: 47/77 MP: 10/17
  9948 | D:11     | Noticed a death yak
 10108 | D:10     | Killed a death yak
 10387 | D:11     | Reached skill level 10 in Fighting
 10387 | D:11     | Reached skill level 10 in Armour
 10762 | D:11     | Noticed a death knight
 10809 | D:10     | Killed a death knight
 11218 | D:11     | Found a staircase to the Orcish Mines.
 11235 | D:11     | Found a staircase to the Lair.
 11331 | D:11     | Found Zagu's Demolitions Depot.
 12112 | D:12     | Found an opulent altar of Gozag.
 12451 | D:13     | Noticed a centaur warrior
 12467 | D:13     | Killed a centaur warrior
 12735 | D:13     | Noticed Azrael
 12742 | D:13     | Reached XP level 13. HP: 55/84 MP: 15/19
 13354 | D:13     | Killed Azrael
 13354 | D:13     | Reached skill level 10 in Shields
 13381 | D:13     | Gained mutation: Your muscles are strong. (Str +2) [mutagenic meat]
 13382 | D:13     | Gained mutation: Your movements are slightly less encumbered by armour. (ER -2) [mutagenic meat]
 13383 | D:13     | Gained mutation: You are frail. (-10% HP) [mutagenic meat]
 13546 | D:13     | Gained mutation: Your flesh is cold resistant. (rC+) [mutagenic meat]
 13547 | D:13     | Gained mutation: Scrolls take you a little longer to read. [mutagenic meat]
 13549 | D:13     | Gained mutation: Your body sometimes deteriorates upon taking damage. [mutagenic meat]
 13696 | D:13     | Noticed Frances
 13697 | D:13     | Noticed Sonja
 13699 | D:13     | Lost mutation: You are agile. (Dex +2) [potion of cure mutation]
 13699 | D:13     | Lost mutation: Your body sometimes deteriorates upon taking damage. [potion of cure mutation]
 13699 | D:13     | Lost mutation: You are frail. (-10% HP) [potion of cure mutation]
 13699 | D:13     | Lost mutation: Scrolls take you a little longer to read. [potion of cure mutation]
 13699 | D:13     | Lost mutation: Your flesh is cold resistant. (rC+) [potion of cure mutation]
 13699 | D:13     | Lost mutation: Your movements are slightly less encumbered by armour. (ER -2) [potion of cure mutation]
 13699 | D:13     | Lost mutation: Armour fits poorly on your strangely shaped body. [potion of cure mutation]
 13700 | D:13     | Killed from afar by Frances

Skill      XL: |  1  2  3  4  5  6  7  8  9 10 11 12 13 |
---------------+----------------------------------------+-----
Maces & Flails | 3 4 5 7 9 10 11 | 11.0
Armour         | 5 6 8 9 10 11 | 11.1
Fighting       | 5 6 8 9 11 | 11.2
Invocations    | 2 5 7 9 |  9.4
Shields        | 4 6 8 9 10 | 10.1
Throwing       | 3 4 |  4.0

Action                   |  1- 3 |  4- 6 |  7- 9 | 10-12 | 13-15 || total
-------------------------+-------+-------+-------+-------+-------++-------
Melee: Flail             |   205 |   107 |   398 |   750 |     9 ||  1469
       Mace              |       |       |   293 |   205 |    85 ||   583
       Morningstar       |       |       |       |    16 |       ||    16
Throw: Throwing net      |       |       |       |     1 |       ||     1
Invok: Stomp             |       |       |     2 |    64 |     4 ||    70
       Line Pass         |       |       |       |     1 |       ||     1
  Use: Potion            |     2 |     1 |    15 |     5 |     4 ||    27
       Scroll            |       |       |    15 |     8 |       ||    23
 Stab: Paralysed         |       |       |     5 |    32 |     5 ||    42
       Distracted        |       |       |       |     1 |       ||     1
  Eat: Chunk             |       |     3 |    15 |    32 |     7 ||    57
       Fruit             |       |       |       |     3 |       ||     3
       Beef jerky        |       |       |       |     2 |       ||     2
       Bread ration      |       |       |       |     1 |       ||     1
       Pizza             |       |       |       |     1 |     2 ||     3
Armor: Scale mail        |   186 |    48 |   382 |   642 |       ||  1258
       Ring mail         |       |       |       |    26 |    37 ||    63
Dodge: Dodged            |   131 |    41 |   189 |   330 |    19 ||   710
Block: Shield            |   169 |    54 |   308 |   676 |    34 ||  1241
